 Dungeon Crawl Stone Soup version 0.20.1-1-g8b1a95d (webtiles) character file.

11088 homeworkjunkie the Severer (level 11, -28/97 HPs)
             Began as a Hill Orc Fighter on Nov 16, 2017.
             Was a Believer of Okawaru.
             Annihilated by a stone giant (33 damage)
             ... on level 1 of the Orcish Mines.
             The game lasted 00:20:31 (10088 turns).

homeworkjunkie the Severer (Hill Orc Fighter)      Turns: 10088, Time: 00:20:32

Health: -28/97     AC: 17    Str: 26    XL:     11   Next: 72%
Magic:  11/11      EV:  8    Int:  8    God:    Okawaru [**....]
Gold:   666        SH:  0    Dex: 12    Spells: 10/10 levels left

rFire    . . .     SeeInvis +   H - +2 battleaxe (flame)
rCold    . . .     Gourm    .   (shield currently unavailable)
rNeg     . . .     Faith    .   o - +0 plate armour
rPois    +         Spirit   .   u - +1 helmet
rElec    .         Reflect  .   C - +0 cloak {rPois}
rCorr    .         Harm     .   (no gloves)
MR       .....                  (no boots)
Stlth    ..........             (no amulet)
Regen    0.3/turn               n - ring of see invisible
MPRegen  0.2/turn               r - +5 ring of strength

@: no status effects
A: no striking features
a: Heroism, Renounce Religion


You were on level 1 of the Orcish Mines.
You worshipped Okawaru.
Okawaru was pleased with you.
You were not hungry.

You visited 2 branches of the dungeon, and saw 13 of its levels.

You collected 666 gold pieces.

Inventory:

Hand Weapons
 a - a +1 war axe
 H - a +2 battleaxe of flaming (weapon)
Missiles
 i - 12 tomahawks (quivered)
 G - 6 javelins of penetration
Armour
 c - a +0 shield
 o - a +0 plate armour (worn)
 u - a +1 helmet (worn)
 C - a +0 cloak of poison resistance (worn)
Jewellery
 n - a ring of see invisible (left hand)
 r - a +5 ring of strength (right hand)
 s - the ring of Oshruos {*Tele +Fly}
   (You found it on level 10 of the Dungeon)

   [ring of teleportation]

   It may teleport you next to monsters.
   It lets you fly.
 v - an uncursed ring of poison resistance
Wands
 d - a wand of disintegration (4/24)
 l - a wand of digging (18/24)
 t - a wand of acid (5/15)
 y - a wand of paralysis (1/24)
 E - a wand of confusion (35/48)
Scrolls
 b - 3 scrolls of identify
 j - 2 scrolls of fog
 k - 2 scrolls of magic mapping
 m - 7 scrolls of remove curse
 q - 3 scrolls of teleportation
 D - a scroll of recharging
 I - 2 scrolls of silence {unknown}
Potions
 e - 5 potions of flight
 g - 2 potions of lignification
 h - 2 potions of ambrosia
 p - a potion of berserk rage
 z - 2 potions of agility
 A - a potion of curing
 B - 2 potions of haste
 F - a potion of magic {unknown}
Comestibles
 f - 9 bread rations
 w - a royal jelly
 x - 8 meat rations


   Skills:
 * Level 9.6 Fighting
 * Level 15.6 Axes
 * Level 8.7 Armour
 + Level 1.0 Dodging
 + Level 1.9 Stealth
 * Level 9.1 Shields


You had 10 spell levels left.
You didn't know any spells.

Dungeon Overview and Level Annotations

Branches:
Dungeon (12/15)              Lair (0/6) D:9             Orc (1/2) D:9
 Temple: D:4-7

Altars:
Gozag
Okawaru
Yredelemnul
The Shining One
Beogh

Shops:
D:11 *

Annotations:
D:10 exclusion: orange crystal statue


Message History

Unknown command.
You are too injured to fight recklessly!
Unknown command.
You are too injured to fight recklessly!
You are too injured to fight recklessly!
Unknown command.
You are too injured to fight recklessly!
Unknown command.
You are too injured to fight recklessly!
You slice the orc wizard!! You burn the orc wizard.
You kill the orc wizard!
Okawaru accepts your kill.
You hit the stone giant but do no damage.
The stone giant hits you! The stone giant hits you!!
* * * LOW HITPOINT WARNING * * *
Items here: ( ) [ † a dagger; a robe; a large rock; an orc corpse The stone giant hits you!!
You die...

### ..## # ##
...##
#.##.##....# .
....... .# ..
#.... ..#..#
##...##.....#
#...@))....#
##..C<....#..
......)†)......
#..#..........#
#........>.....
##.#...........
##............
.....$.#.....
##....##......


You could see a stone giant.

Vanquished Creatures
  A hydra (D:11)
  A two-headed ogre (D:11)
  Urug (D:11)
  An unseen horror (D:10)
  Pikel (D:5)
  The ghost of AdmiralAndromeda the Cudgeler, a novice GrFi of Makhleb (D:5)
  Maurice (D:8)
  A kobold demonologist (D:11)
  A merfolk (D:9)
  6 yaks (D:9)
  Grum (D:11)
  A warg (Orc:1)
  A water moccasin (D:6)
  2 porcupines (D:9)
  9 orc warriors
  3 ice beasts
  A sky beast (D:9)
  2 black bears
  A necrophage (D:6)
  3 phantoms
  4 ogres
  3 wolves (D:11)
  2 centaurs
  3 big kobolds
  12 bullfrogs
  A gnoll sergeant (D:11)
  A scorpion (D:6)
  9 killer bees (D:11)
  5 wights (D:9)
  4 crimson imps
  2 bullfrog zombies
  7 hounds
  A jelly (D:10)
  4 orc priests
  A bullfrog skeleton (D:4)
  2 centaur skeletons
  4 iguanas
  4 orc wizards
  3 worker ants
  A killer bee zombie (D:6)
  A howler monkey zombie (D:5)
  7 gnolls
  11 adders
  A shadow imp (D:9)
  An adder skeleton (D:9)
  3 worms
  A dart slug (D:1)
  5 leopard geckos
  41 orcs
  8 bats
  6 giant cockroaches
  4 goblins
  8 hobgoblins
  4 jackals (D:1)
  5 quokkas
  4 frilled lizards
  33 kobolds
  A quokka skeleton (D:3)
  2 quokka zombies (D:6)
  3 rats
  A fungus (D:9)
  2 plants (D:6)
264 creatures vanquished.

Vanquished Creatures (others)
  2 slaves (D:5)
  A jelly (D:5)
  A leopard gecko (D:5)
  A fungus (D:9)
5 creatures vanquished.

Grand Total: 269 creatures vanquished

Notes
Turn   | Place    | Note
-------+----------+-------------------------------------------
     0 | D:1      | homeworkjunkie the Hill Orc Fighter began the quest for the Orb.
     0 | D:1      | Reached XP level 1. HP: 19/19 MP: 1/1
   227 | D:3      | Found a basalt altar of Yredelemnul.
   290 | D:3      | Reached XP level 2. HP: 27/27 MP: 2/2
   348 | D:4      | Reached skill level 3 in Axes
   348 | D:4      | Reached XP level 3. HP: 7/33 MP: 3/3
   867 | D:3      | Found a faded altar of an unknown god.
   901 | D:5      | Entered Level 5 of the Dungeon
   912 | D:5      | Reached XP level 4. HP: 27/40 MP: 4/4
  1019 | D:4      | Reached skill level 4 in Axes
  1263 | D:2      | Reached XP level 5. HP: 44/46 MP: 5/5
  1303 | D:2      | Found a glowing golden altar of the Shining One.
  1936 | D:2      | Found an opulent altar of Gozag.
  1960 | D:2      | Reached skill level 5 in Axes
  2866 | D:4      | Reached XP level 6. HP: 52/52 MP: 6/6
  3007 | D:4      | Reached skill level 6 in Axes
  3171 | D:4      | Noticed a phantom
  3211 | D:4      | Killed a phantom
  3234 | D:4      | Reached XP level 7. HP: 40/60 MP: 7/7
  3624 | D:5      | Reached skill level 7 in Axes
  3653 | D:5      | Noticed Pikel
  3808 | D:5      | Killed Pikel
  3808 | D:5      | Reached skill level 5 in Fighting
  3808 | D:5      | Reached skill level 9 in Axes
  3808 | D:5      | Reached skill level 5 in Armour
  3808 | D:5      | Reached skill level 5 in Shields
  3808 | D:5      | Reached XP level 8. HP: 23/68 MP: 8/8
  4580 | D:5      | Noticed AdmiralAndromeda's ghost (novice GrFi)
  4598 | D:5      | Killed AdmiralAndromeda's ghost
  4598 | D:5      | Reached skill level 10 in Axes
  4851 | D:6      | Reached XP level 9. HP: 71/75 MP: 9/9
  4859 | D:6      | Reached skill level 11 in Axes
  5889 | D:9      | Reached skill level 12 in Axes
  5924 | D:10     | Entered Level 10 of the Dungeon
  6057 | D:8      | You fall through a shaft for 3 floors!
  6075 | D:10     | Found a basalt altar of Yredelemnul.
  6178 | D:8      | Noticed Maurice
  6191 | D:8      | Killed Maurice
  6191 | D:8      | Reached XP level 10. HP: 86/86 MP: 10/10
  6243 | D:9      | Reached skill level 13 in Axes
  6616 | D:9      | Reached skill level 1 in Dodging
  6838 | D:9      | Found a roughly hewn altar of Beogh.
  6839 | D:9      | Found a staircase to the Orcish Mines.
  7222 | D:9      | Found a staircase to the Lair.
  7235 | D:9      | Reached skill level 14 in Axes
  7582 | D:10     | Noticed an orange crystal statue
  7692 | D:10     | Got a sparkling wooden ring
  7694 | D:10     | Identified the ring of Oshruos {*Tele +Fly} (You found it on level 10 of the Dungeon)
  7713 | D:10     | Noticed an unseen horror
  7739 | D:10     | Killed an unseen horror
  7739 | D:10     | Reached XP level 11. HP: 72/97 MP: 11/11
  7804 | D:10     | Found an iron altar of Okawaru.
  7812 | D:10     | Became a worshipper of Warmaster Okawaru
  7902 | D:10     | Noticed a centaur warrior
  7903 | D:10     | Noticed a cyclops
  7904 | D:10     | Noticed a deep elf mage
  8252 | D:11     | Noticed Grum
  8280 | D:11     | Killed Grum
  8618 | D:11     | Found Felas's Elemental Accessories.
  8646 | D:11     | Reached * piety under Okawaru
  8771 | D:11     | Noticed an eight-headed hydra
  8788 | D:11     | Killed a 16-headed hydra
  8788 | D:11     | Reached skill level 15 in Axes
  8788 | D:11     | Reached skill level 1 in Stealth
  8949 | D:11     | Noticed Urug
  8959 | D:11     | Killed Urug
  9413 | D:11     | Noticed a two-headed ogre
  9422 | D:11     | Killed a two-headed ogre
  9422 | D:11     | Reached ** piety under Okawaru
  9797 | Orc:1    | Entered Level 1 of the Orcish Mines
  9797 | Orc:1    | Noticed a stone giant
 10088 | Orc:1    | Annihilated by a stone giant

Skill      XL: |  1  2  3  4  5  6  7  8  9 10 11 |
---------------+----------------------------------+-----
Axes           | 3 4 5 6 9 10 12 14 15 | 15.6
Armour         | 4 5 6 7 8 |  8.7
Shields        | 4 5 6 7 8 9 |  9.1
Fighting       | 4 5 6 7 9 |  9.6
Dodging        | 1 |  1.0
Stealth        | 1 |  1.9

Action                   |  1- 3 |  4- 6 |  7- 9 | 10-12 || total
-------------------------+-------+-------+-------+-------++-------
Melee: War axe           |    66 |   248 |   274 |   316 ||   904
       Battleaxe         |       |       |       |    67 ||    67
Throw: Tomahawk          |       |       |       |     2 ||     2
Evoke: Wand              |       |       |     2 |    13 ||    15
  Use: Scroll            |     3 |     8 |     9 |     5 ||    25
       Potion            |     1 |     2 |     4 |     2 ||     9
 Stab: Invisible         |       |       |       |     2 ||     2
       Paralysed         |       |       |       |    12 ||    12
  Eat: Royal jelly       |       |     1 |     5 |     2 ||     8
       Meat ration       |       |     1 |       |       ||     1
       Bread ration      |       |     1 |       |     1 ||     2
       Fruit             |       |       |     2 |       ||     2
Armor: Scale mail        |    26 |    78 |       |       ||   104
       Plate armour      |       |    47 |   128 |   186 ||   361
Dodge: Dodged            |    18 |    52 |    55 |    89 ||   214
Block: Shield            |    35 |   129 |   125 |   161 ||   450
